 Dungeon Sprint DCSS version 0.21-a0-221-gfe971b9 (webtiles) character file.

67767 potatolord6000 the Phalangite (level 15, -14/114 HPs)
             Began as a Merfolk Gladiator on Aug 25, 2017.
             Was the Champion of Qazlal.
             Demolished by a profane servitor
             ... wielding a +3 whip
              (21 damage)
             ... in the Dungeon (Sprint VII: "The Pits").
             The game lasted 00:25:47 (3916 turns).

potatolord6000 the Phalangite (Merfolk Gladiator)   Turns: 3916, Time: 00:25:48

Health: -14/114    AC: 16    Str: 18    XL:     15   Next: 24%
Magic:  3/35       EV: 44    Int: 13    God:    Qazlal [******]
Gold:   11         SH:  8    Dex: 26    Spells: 46/46 levels left

rFire    . . .     SeeInvis .   v - +3 halberd (venom)
rCold    . . .     Gourm    .   (shield currently unavailable)
rNeg     + . .     Faith    .   b - +0 leather armour
rPois    .         Spirit   .   c - +2 helmet
rElec    .         Reflect  .   z - +1 cloak
rCorr    .         Harm     .   u - +0 pair of gloves
MR       +....     NoTele   +   t - +0 pair of boots
Stlth    ++........             y - macabre finger necklace {rN+}
HPRegen  0.29/turn              a - +3 ring of strength
MPRegen  0.24/turn              g - +3 ring of protection
                                B - ring of Phasing {EV+8}

@: brilliant, agile, protected from physical damage, slowed, wreathed by umbra,
constricted, repel missiles, very slow
A: change form in water, swift swim, stealthy swim
a: Upheaval, Elemental Force, Disaster Area, Renounce Religion


You were in the Dungeon.
You worshipped Qazlal.
Qazlal was exalted by your worship.
You were not hungry.

You visited 1 branch You collected 11 gold pieces.

Inventory:

Hand Weapons
 v - a +3 halberd of venom (weapon)
Armour
 b - a +0 leather armour (worn)
 c - a +2 helmet (worn)
 t - a +0 pair of boots (worn)
 u - a +0 pair of gloves (worn)
 z - a +1 cloak (worn)
Jewellery
 a - a +3 ring of strength (left hand)
 g - a +3 ring of protection (right hand)
 y - the macabre finger necklace (around neck) {rN+}
   (You found it in the Dungeon)

   [amulet of nothing]

   It protects you from negative energy.
 B - the ring of Phasing (on amulet) {EV+8}
   (You found it in the Dungeon)

   [ring of evasion]

   It affects your evasion (+8).
Scrolls
 e - a scroll of enchant weapon
 k - 2 scrolls of blinking
 l - 5 scrolls of remove curse
 m - 5 scrolls of amnesia
 n - a scroll of summoning
 w - 2 scrolls of identify
 x - 3 scrolls of fog
 A - a scroll of fear
Potions
 d - 6 potions of curing
 h - a potion of brilliance
 j - 3 potions of berserk rage
Comestibles
 f - 8 bread rations
 o - 40 fruits
 p - 7 meat rations


   Skills:
 - Level 9.6 Fighting
 + Level 23.4 Polearms
 - Level 2.0 Throwing
 + Level 21.8 Dodging
 + Level 20.0 Stealth
 + Level 16.1 Spellcasting
 + Level 22.8 Invocations


You had 46 spell levels left.
You didn't know any spells.

Dungeon Overview and Level Annotations

Branches:
Dungeon (1/1)

Altars:
Ashenzari
Cheibriados
Dithmenos
Elyvilon
Fedhas
Gozag
Hepliaklqana
Kikubaaqudgha
Makhleb
Nemelex Xobeh
Okawaru
Qazlal
Ru
Sif Muna
Trog
Uskayaw
Vehumet
Wu Jian
Xom
Yredelemnul
Zin
The Shining One
Beogh
Jiyva
Lugonu


Message History

The death knight's dark mirror aura disappears.
The balrug completely misses you.
The profane servitor completely misses you. x2
The spriggan berserker rages.
The death knight is engulfed in freezing vapours.
The death knight completely misses you.
The blizzard demon completely misses you.
The blizzard demon misses you.
The tentacled monstrosity tentacle-slaps you!
* * * LOW HITPOINT WARNING * * *
The tentacled monstrosity completely misses you. x2
* * * LOW HITPOINT WARNING * * *
The tentacled monstrosity constricts you.
The balrug closely misses you.
Unknown command.
You barely miss the tentacled monstrosity.
The tentacled monstrosity is severely wounded.
The profane servitor is engulfed in freezing vapours.
The profane servitor hits you with an enchanted whip!!
You die...

............ .))).)...
#).... #.)# #####.+#####
#### #### #..........##
#..#..... #..........##.
#i.#.....
+..#....#..##.p#2X#..#
+..........##..A@.≈≈.#
#..........##..2§.≈..#
#..#....#..##..#§§#..#
+..........##..[≈.≈..#
+..........##...≈≈≈).#
#..#....#..##++#(.#..#
#..........++..#..#.....
#..........++..#..#.....
###++####++##### ####


You could see a profane servitor, a tentacled monstrosity, a death knight, a
balrug, a blizzard demon and a spriggan berserker (berserk).

Vanquished Creatures
  Xtahua (D)
  A curse toe (D)
  An Ice Fiend (D)
  An acid blob (D)
  2 sphinxes (D)
  A fire giant (D)
  An azure jelly (D)
  3 orc warlords (D)
  A frost giant (D)
  A balrug (D)
  A stone giant (D)
  A war gargoyle (D)
  An ophan (D)
  2 deep elf demonologists (D)
  A green draconian (D)
  A purple draconian (D)
  A red draconian (D)
  An ettin (D)
  A deep elf death mage (D)
  A blizzard demon (D)
  A merfolk impaler (D)
  2 fire dragons (D)
  An ice dragon (D)
  A hell beast (D)
  A naga warrior (D)
  3 two-headed ogres (D)
  4 vault guards (D)
  A merfolk avatar (D)
  An iron elemental (D)
  An ogre mage (D)
  2 spriggan berserkers (D)
  2 deep elf knights (D)
  2 spriggans (D)
  Nergalle (D)
  An iron troll (D)
  A flayed ghost (D)
  2 sea snakes (D)
  2 unseen horrors (D)
  11 orc knights (D)
  A phantasmal warrior (D)
  A moth of wrath (D)
  A cyclops (D)
  A manticore (D)
  A rust devil (D)
  An orange demon (D)
  A smoke demon (D)
  A gargoyle (D)
  A komodo dragon (D)
  2 merfolk (D)
  A tyrant leech (D)
  A troll (D)
  2 hornets (D)
  A snapping turtle (D)
  A ynoxinul (D)
  3 flying skulls (D)
  A large abomination (D)
  2 redbacks (D)
  A shadow (D)
  A wraith (D)
  2 fire elementals (D)
  3 basilisks (D)
  A chaos spawn (D)
  A steam dragon (D)
  7 vampire mosquitoes (D)
  4 insubstantial wisps (D)
  2 nagas (D)
  2 soldier ants (D)
  A porcupine (D)
  2 swamp drakes (D)
  5 orc warriors (D)
  A sky beast (D)
  2 wolves (D)
  2 ogres (D)
  A centaur (D)
  2 gnoll sergeants (D)
  An earth elemental (D)
  A small abomination (D)
  A killer bee (D)
  A hound (D)
  5 orc priests (D)
  2 orc wizards (D)
  An iguana (D)
  A hell rat (D)
  2 adders (D)
  5 gnolls (D)
  2 river rats (D)
  An ufetubus (D)
  An adder skeleton (D)
  A worm (D)
  8 orcs (D)
  2 ball pythons (D)
  A bat (D)
  2 giant cockroaches (D)
  7 jackals (D)
  A quokka (D)
  A frilled lizard (D)
  A giant cockroach simulacrum (D)
  2 kobolds (D)
  A rat (D)
178 creatures vanquished.

Vanquished Creatures (collateral kills)
  A shadow dragon (D)
  An apis (D)
  A death knight (D)
  A two-headed ogre (D)
  A wolf spider (D)
  A naga mage (D)
  A guardian serpent (D)
  An ice devil (D)
  A polar bear (D)
  A naga (D)
  A necrophage (D)
  A centaur (D)
  2 killer bees (D)
  An orc (D)
15 creatures vanquished.

Vanquished Creatures (others)
  A hell beast (D)
  A ball python zombie (D)
2 creatures vanquished.

Grand Total: 195 creatures vanquished

Notes
Turn   | Place    | Note
-------+----------+-------------------------------------------
     0 | D        | potatolord6000 the Merfolk Gladiator began the quest for the Orb.
     0 | D        | Reached XP level 1. HP: 16/16 MP: 1/1
    47 | D        | Found a bloodstained altar of Trog.
    47 | D        | Found a deep blue altar of Sif Muna.
    47 | D        | Found a viscous altar of Jiyva.
    47 | D        | Found a hazy altar of Hepliaklqana.
    47 | D        | Found an opulent altar of Gozag.
    48 | D        | Found a glowing golden altar of the Shining One.
    48 | D        | Found a glowing silver altar of Zin.
    48 | D        | Found a basalt altar of Yredelemnul.
    48 | D        | Found a shimmering altar of Xom.
    48 | D        | Found an ornate altar of the Wu Jian Council.
    48 | D        | Found a sacrificial altar of Ru.
    48 | D        | Found a stormy altar of Qazlal.
    48 | D        | Found an iron altar of Okawaru.
    48 | D        | Found a sparkling altar of Nemelex Xobeh.
    48 | D        | Found a burning altar of Makhleb.
    48 | D        | Found a blossoming altar of Fedhas.
    48 | D        | Found a white marble altar of Elyvilon.
    48 | D        | Found a shadowy altar of Dithmenos.
    48 | D        | Found a snail-covered altar of Cheibriados.
    51 | D        | Found a corrupted altar of Lugonu.
    51 | D        | Found a radiant altar of Vehumet.
    51 | D        | Found a roughly hewn altar of Beogh.
    52 | D        | Found an ancient bone altar of Kikubaaqudgha.
    52 | D        | Found a hide-covered altar of Uskayaw.
    52 | D        | Found a shattered altar of Ashenzari.
    55 | D        | Became a worshipper of Qazlal Stormbringer
    79 | D        | Reached skill level 5 in Polearms
    79 | D        | Reached skill level 1 in Stealth
    79 | D        | Reached skill level 1 in Spellcasting
    79 | D        | Reached XP level 2. HP: 9/24 MP: 2/4
   282 | D        | Reached * piety under Qazlal
   286 | D        | Reached skill level 5 in Dodging
   298 | D        | Reached ** piety under Qazlal
   308 | D        | Reached XP level 3. HP: 19/29 MP: 5/5
   309 | D        | Reached *** piety under Qazlal
   315 | D        | Reached skill level 6 in Polearms
   454 | D        | Noticed a sky beast
   454 | D        | Noticed a wolf
   456 | D        | Noticed a flying skull
   465 | D        | Killed a sky beast
   465 | D        | Reached skill level 5 in Fighting
   465 | D        | Reached skill level 7 in Polearms
   465 | D        | Reached skill level 5 in Stealth
   465 | D        | Reached XP level 4. HP: 13/39 MP: 6/9
   465 | D        | Reached XP level 5. HP: 15/44 MP: 6/10
   470 | D        | Killed a wolf
   470 | D        | Reached **** piety under Qazlal
   470 | D        | Reached skill level 8 in Polearms
   475 | D        | Killed a flying skull
   475 | D        | Reached skill level 9 in Polearms
   475 | D        | Reached skill level 5 in Spellcasting
   475 | D        | Reached XP level 6. HP: 13/55 MP: 7/14
   476 | D        | Reached skill level 10 in Polearms
   479 | D        | Reached ***** piety under Qazlal
   826 | D        | Noticed a porcupine
   833 | D        | Killed a porcupine
   833 | D        | Reached skill level 1 in Invocations
   833 | D        | Reached XP level 7. HP: 22/60 MP: 15/15
   839 | D        | Noticed a sea snake
   853 | D        | Killed a sea snake
   853 | D        | Reached skill level 11 in Polearms
   853 | D        | Reached skill level 10 in Dodging
   853 | D        | Reached XP level 8. HP: 28/69 MP: 7/18
  1234 | D        | Noticed a wraith
  1244 | D        | Killed a wraith
  1244 | D        | Reached skill level 12 in Polearms
  1244 | D        | Reached skill level 5 in Invocations
  1263 | D        | Killed an unseen horror
  1263 | D        | Reached skill level 10 in Stealth
  1263 | D        | Reached XP level 9. HP: 16/77 MP: 7/20
  1552 | D        | Reached skill level 13 in Polearms
  1559 | D        | Noticed a cyclops
  1568 | D        | Killed a cyclops
  1730 | D        | Noticed a sea snake
  1746 | D        | Killed a sea snake
  1746 | D        | Reached skill level 14 in Polearms
  1746 | D        | Reached XP level 10. HP: 55/83 MP: 13/23
  1759 | D        | Reached skill level 10 in Invocations
  1788 | D        | Noticed a phantasmal warrior
  1792 | D        | Killed a phantasmal warrior
  1793 | D        | Noticed an apis
  1795 | D        | Noticed a deep elf demonologist
  1805 | D        | Noticed a hellion
  1805 | D        | Reached skill level 15 in Polearms
  1806 | D        | Noticed an Executioner
  1807 | D        | Noticed a rust devil
  1809 | D        | Killed a deep elf demonologist
  1809 | D        | Reached skill level 10 in Spellcasting
  1809 | D        | Reached ****** piety under Qazlal
  1817 | D        | Killed an apis
  1817 | D        | Reached XP level 11. HP: 14/89 MP: 11/25
  2145 | D        | Noticed a manticore
  2146 | D        | Noticed a flayed ghost
  2148 | D        | Noticed a death knight
  2149 | D        | Killed a flayed ghost
  2149 | D        | Reached skill level 16 in Polearms
  2151 | D        | Killed a manticore
  2164 | D        | Killed a death knight
  2164 | D        | Reached skill level 15 in Dodging
  2276 | D        | Found the macabre finger necklace {rN+}
  2276 | D        | Found the ring of Phasing {EV+8}
  2360 | D        | Killed an unseen horror
  2401 | D        | Noticed a spriggan rider
  2408 | D        | Killed a spriggan rider
  2464 | D        | Reached skill level 17 in Polearms
  2590 | D        | Noticed a spriggan berserker
  2590 | D        | Noticed an orc knight
  2590 | D        | Noticed an orc knight
  2590 | D        | Noticed an orc knight
  2590 | D        | Noticed an orc knight
  2590 | D        | Noticed an orc knight
  2590 | D        | Noticed a vault guard
  2591 | D        | Noticed an orc knight
  2591 | D        | Noticed an orc warlord
  2591 | D        | Noticed an orc warlord
  2592 | D        | Noticed an orc knight
  2592 | D        | Noticed an orc knight
  2592 | D        | Killed a spriggan berserker
  2592 | D        | Killed an orc knight
  2593 | D        | Killed a vault guard
  2593 | D        | Reached skill level 15 in Invocations
  2593 | D        | Reached XP level 12. HP: 96/96 MP: 18/27
  2596 | D        | Killed an orc warlord
  2596 | D        | Reached skill level 18 in Polearms
  2596 | D        | Reached skill level 15 in Stealth
  2596 | D        | Killed an orc warlord
  2602 | D        | Noticed a vault guard
  2603 | D        | Noticed a vault guard
  2608 | D        | Noticed a naga warrior
  2610 | D        | Noticed a frost giant
  2612 | D        | Noticed a deep elf knight
  2618 | D        | Killed a vault guard
  2618 | D        | Killed a deep elf knight
  2618 | D        | Killed a vault guard
  2618 | D        | Killed a naga warrior
  2618 | D        | Reached skill level 19 in Polearms
  2618 | D        | Reached XP level 13. HP: 47/101 MP: 27/29
  2624 | D        | Killed a frost giant
  2635 | D        | Noticed a vault guard
  2643 | D        | Killed a vault guard
  2825 | D        | Noticed an Ice Fiend
  2844 | D        | Killed an Ice Fiend
  2902 | D        | Noticed a deep elf demonologist
  2903 | D        | Found the +9 scales of the Dragon King {rPois rF+ rC+ MR+}
  2903 | D        | Noticed a purple draconian
  2903 | D        | Noticed a deep elf death mage
  2904 | D        | Killed a deep elf demonologist
  2904 | D        | Killed a deep elf death mage
  2911 | D        | Reached skill level 20 in Polearms
  2916 | D        | Killed a purple draconian
  2995 | D        | Noticed an ettin
  3004 | D        | Noticed a shadow dragon
  3007 | D        | Noticed Nergalle
  3008 | D        | Killed an ettin
  3018 | D        | Noticed a merfolk impaler
  3020 | D        | Killed Nergalle
  3020 | D        | Killed a merfolk impaler
  3020 | D        | Killed a shadow dragon
  3025 | D        | Reached XP level 14. HP: 7/108 MP: 18/32
  3155 | D        | Reached skill level 21 in Polearms
  3529 | D        | Noticed an orc warlord
  3529 | D        | Noticed a war gargoyle
  3530 | D        | Noticed a sphinx
  3530 | D        | Killed a war gargoyle
  3531 | D        | Killed an orc warlord
  3532 | D        | Killed a sphinx
  3536 | D        | Noticed a curse toe
  3543 | D        | Killed an acid blob
  3551 | D        | Killed a curse toe
  3551 | D        | Reached skill level 22 in Polearms
  3551 | D        | Reached skill level 15 in Spellcasting
  3846 | D        | Noticed a balrug
  3846 | D        | Noticed Xtahua
  3847 | D        | Noticed an ophan
  3849 | D        | Killed a balrug
  3849 | D        | Killed an ophan
  3851 | D        | Noticed a red draconian
  3852 | D        | Killed Xtahua
  3855 | D        | Noticed an azure jelly
  3855 | D        | Killed a red draconian
  3859 | D        | Noticed a fire giant
  3875 | D        | Killed an azure jelly
  3875 | D        | Reached XP level 15. HP: 96/114 MP: 6/34
  3884 | D        | Killed a fire giant
  3902 | D        | Noticed a tentacled monstrosity
  3902 | D        | Noticed a balrug
  3902 | D        | Noticed a sphinx
  3903 | D        | Noticed a profane servitor
  3906 | D        | Reached skill level 23 in Polearms
  3907 | D        | Killed a sphinx
  3916 | D        | Demolished by a profane servitor

Vault maps used:
D:        pitsprint

Skill      XL: |  1  2  3  4  5  6  7  8  9 10 11 12 13 14 15 |
---------------+----------------------------------------------+-----
Fighting       | 3 5 7 8 9 |  9.6
Polearms       | 5 7 9 10 11 12 14 15 17 19 20 22 23 | 23.4
Stealth        | 1 2 5 7 9 10 11 12 14 15 17 19 20 | 20.0
Spellcasting   | 1 3 5 6 7 9 10 11 12 14 15 16 | 16.1
Dodging        | 5 7 9 10 11 13 14 16 17 19 21 | 21.8
Invocations    | 1 4 6 9 12 15 17 19 22 | 22.8
Throwing       | |  2.0

Action                   |  1- 3 |  4- 6 |  7- 9 | 10-12 | 13-15 || total
-------------------------+-------+-------+-------+-------+-------++-------
Melee: Trident           |    47 |    23 |    43 |       |       ||   113
       Halberd           |       |       |    28 |    64 |   147 ||   239
Invok: Upheaval          |     1 |       |    15 |    15 |    26 ||    57
       Elemental Force   |       |       |     1 |     5 |     4 ||    10
       Disaster Area     |       |       |     1 |     4 |     9 ||    14
  Use: Potion            |     5 |     1 |     7 |     9 |    14 ||    36
       Scroll            |       |       |       |     3 |       ||     3
 Stab: Sleeping          |     2 |       |       |       |       ||     2
       Invisible         |     1 |     4 |     2 |       |       ||     7
       Distracted        |       |       |       |       |     1 ||     1
  Eat: Meat ration       |       |       |     2 |       |       ||     2
Armor: Leather armour    |    11 |       |    13 |    23 |    13 ||    60
Dodge: Dodged            |    61 |    16 |    60 |    63 |   178 ||   378
       Deflected         |       |       |     1 |     1 |     3 ||     5
Block: Other             |     3 |     5 |    19 |    23 |    37 ||    87

Table legend:
 A = Spawn XP
 B = Non-spawn XP
 C = Spawn XP percentage of total XP
 D = Spawn monster count
 E = Non-spawn monster count
 F = Spawn count percentage of total count
 G = Total turns spent on level
                    A         B        C        D         E        F      G
               +---------+---------+-------+---------+---------+-------+---------
         Total |       0 |   96811 |   0.0 |       0 |     194 |   0.0 |  3916
               +---------+---------+-------+---------+---------+-------+---------
             D |       0 |   96811 |   0.0 |       0 |     194 |   0.0 |  3916
               +---------+---------+-------+---------+---------+-------+---------
